cohdb
Replays
Latest Replays
All Replays
Popular Replays
Top Player Replays
Match Explorer
How It Works
Community
CoH3 Stats
Reddit
Sign in to upload your games and track your stats! →
Sign in with Steam
Match 44905635
Unlisted
Match 44905635
Overview
Messages
Build Orders
End
Construct Weapon Support Center
Construct Barracks
Engineer Squad
Riflemen Squad
Riflemen Squad
Infantry Support Center
Selects Advanced Infantry Battlegroup
Selects Convert to Ranger Squad
Ranger Squad
Selects Frontline Medical Station
Frontline Medical Station
Advanced Logistics
Convert to Ranger Squad
Survival Training
QAQ87
19禁
JT
只出曲线
MajikMouse
STRIKE_IIVI ➽
Werner
Gallant Guinea Pig
0
0
Comments
sign in to comment!
No comments posted yet!